APP
SAN FRANCISCO (APP) GIANTS @ GRAND JUNCTION ROCKIES
07/13/2044
 
TOP OF THE 1ST
San Francisco (APP) Giants batting - Pitching for Grand Junction Rockies : LHP Steve Gilliam
Pitching: LHP Steve Gilliam
Batting: RHB Pedro Quezada 0-0: Foul Ball, location: 2F
0-1: Ball
1-1: Ground out U3 (Groundball, 3, EV 82.5 MPH)
Batting: RHB Bill Defazio 0-0: Ball
1-0: Ball
2-0: Swinging Strike
2-1: Fly out, F7 (Flyball, 78D, EV 103.1 MPH)
Batting: SHB David Barona 0-0: SINGLE (Line Drive, 89S, EV 93.8 MPH)
Batting: RHB Edwin Verdugo 0-0: SINGLE (Groundball, 6MS, EV 67.5 MPH) (infield hit)
David Barona to second
Batting: RHB Dinand Brouwer 0-0: Ball
1-0: Swinging Strike
1-1: Fly out, F8 (Line Drive, 8RD, EV 87.5 MPH)
Top of the 1st over - 0 runs, 2 hits, 0 errors, 2 left on base; San Francisco (APP) 0 - Grand Junction 0
BOTTOM OF THE 1ST
Grand Junction Rockies batting - Pitching for San Francisco (APP) Giants : LHP Hector Jimenez
Pitching: LHP Hector Jimenez
Batting: RHB Juan Figueroa 0-0: Ball
1-0: Ball
2-0: Called Strike
2-1: Ball
3-1: Base on Balls
Batting: RHB John Boyer 0-0: Ball
Juan Figueroa is caught stealing 2nd base 2-4
1-0: Ball
2-0: Called Strike
2-1: Foul Ball, location: 2F
2-2: DOUBLE (Line Drive, 8RXD, EV 109.4 MPH)
Batting: RHB Willis Morales 0-0: Ball
1-0: Ball
2-0: Ball
3-0: Base on Balls
Batting: RHB Doug D'Onofrio 0-0: Ball
1-0: Foul Ball, location: 2F
1-1: Ball
2-1: Called Strike
2-2: Foul Ball, location: 2F
2-2: Fly out, F8 (Line Drive, 8LM, EV 90.6 MPH)
Batting: SHB Jeff Sorrels 0-0: Called Strike
0-1: Foul Ball, location: 2F
0-2: Fielders Choice at 2nd, 6-4 (Groundball, 56D, EV 95.0 MPH)
Bottom of the 1st over - 0 runs, 1 hit, 0 errors, 2 left on base; San Francisco (APP) 0 - Grand Junction 0
TOP OF THE 2ND
San Francisco (APP) Giants batting - Pitching for Grand Junction Rockies : LHP Steve Gilliam
Batting: RHB Teruhide Horiuchi 0-0: Called Strike
0-1: Swinging Strike
0-2: SINGLE (Line Drive, 9LS, EV 91.9 MPH)
Batting: RHB Ed Broomhead 0-0: Called Strike
0-1: Foul Ball, location: 2F
0-2: Ball
1-2: Fly out, F6 (Line Drive, 6, EV 70.0 MPH)
Batting: RHB David Andrews 0-0: Called Strike
0-1: Called Strike
0-2: Foul Ball, location: 2F
0-2: Strikes out swinging
Batting: RHB Alexis Andrade 0-0: Ball
1-0: Ball
2-0: Reached on error, E5 (Groundball, 56, EV 82.5 MPH)
Teruhide Horiuchi to second
Batting: RHB Pedro Quezada 0-0: Fly out, F8 (Flyball, 8RD, EV 85.0 MPH)
Top of the 2nd over - 0 runs, 1 hit, 1 error, 2 left on base; San Francisco (APP) 0 - Grand Junction 0
BOTTOM OF THE 2ND
Grand Junction Rockies batting - Pitching for San Francisco (APP) Giants : LHP Hector Jimenez
Batting: RHB Zakhar Edelman 0-0: Ball
1-0: Ball
2-0: Ball
3-0: Base on Balls
Batting: RHB Bryce Hickman 0-0: Ball
1-0: Called Strike
1-1: DOUBLE (Groundball, 5L, EV 100.6 MPH)
Zakhar Edelman to third
Runner from 3rd tries for Home, throw by LF and OUT! 7-6-2
Bryce Hickman to third
Batting: SHB Jamie Mims 0-0: Ball
1-0: Foul Ball, location: 2F
1-1: Called Strike
1-2: DOUBLE (Line Drive, 7LM, EV 102.5 MPH)
Bryce Hickman scores
Batting: RHB John Stevenson 0-0: Ball
1-0: Ball
2-0: Called Strike
2-1: Foul Ball, location: 2F
2-2: Strikes out looking
Batting: RHB Juan Figueroa 0-0: Ball
1-0: Ball
2-0: Called Strike
2-1: Ball
3-1: Base on Balls
Batting: RHB John Boyer 0-0: Ball
1-0: SINGLE (Groundball, 6D, EV 105.6 MPH)
Jamie Mims to third
Juan Figueroa to second
Runner from 3rd tries for Home, SAFE, throw by LF to home
Batting: RHB Willis Morales 0-0: Ball
1-0: Swinging Strike
1-1: Swinging Strike
1-2: Ball
2-2: SINGLE (Groundball, 5S, EV 70.0 MPH) (infield hit)
Juan Figueroa to third
John Boyer to second
Batting: RHB Doug D'Onofrio 0-0: Ball
1-0: Called Strike
1-1: Ball
2-1: Ball
3-1: Base on Balls
Juan Figueroa scores
John Boyer to third
Willis Morales to second
Batting: SHB Jeff Sorrels 0-0: GRAND SLAM HOME RUN (Flyball, 78XD, EV 108.8 MPH), Distance : 420 ft
Batting: RHB Zakhar Edelman 0-0: Ball
1-0: DOUBLE (Line Drive, 9LS, EV 106.9 MPH)
Batting: RHB Bryce Hickman 0-0: Ball
1-0: Foul Ball, location: 2F
1-1: Ground out 4-3 (Groundball, 4, EV 90.6 MPH)
Bottom of the 2nd over - 7 runs, 6 hits, 0 errors, 1 left on base; San Francisco (APP) 0 - Grand Junction 7
TOP OF THE 3RD
San Francisco (APP) Giants batting - Pitching for Grand Junction Rockies : LHP Steve Gilliam
Batting: RHB Bill Defazio 0-0: Foul Ball, location: 2F
0-1: Ball
1-1: Ball
2-1: Ball
3-1: Foul Ball, location: 2F
3-2: Fly out, F9 (Flyball, 9D, EV 88.8 MPH)
Batting: SHB David Barona 0-0: DOUBLE (Line Drive, 9LS, EV 94.4 MPH)
Batting: RHB Edwin Verdugo 0-0: Ball
1-0: Ground out 4-3 (Groundball, 4M, EV 103.1 MPH)
David Barona to third
Batting: RHB Dinand Brouwer 0-0: Ball
1-0: SINGLE (Line Drive, 89S, EV 111.3 MPH)
David Barona scores
Batting: RHB Teruhide Horiuchi 0-0: Ball
1-0: Called Strike
1-1: Ground out 5-3 (Groundball, 56, EV 103.1 MPH)
Top of the 3rd over - 1 run, 2 hits, 0 errors, 1 left on base; San Francisco (APP) 1 - Grand Junction 7
BOTTOM OF THE 3RD
Grand Junction Rockies batting - Pitching for San Francisco (APP) Giants : LHP Hector Jimenez
Batting: SHB Jamie Mims 0-0: Ball
1-0: Fly out, F9 (Flyball, 9S, EV 92.5 MPH)
Batting: RHB John Stevenson 0-0: Swinging Strike
0-1: Foul Ball, location: 2F
0-2: Strikes out swinging
Batting: RHB Juan Figueroa 0-0: Foul Ball, location: 2F
0-1: Ball
1-1: Swinging Strike
1-2: Foul Ball, location: 2F
1-2: Ball
2-2: Foul Ball, location: 2F
2-2: Ball
3-2: Base on Balls
Batting: RHB John Boyer 0-0: Foul Ball, location: 2F
0-1: Ball
Juan Figueroa is caught stealing 2nd base 2-4
Bottom of the 3rd over - 0 runs, 0 hits, 0 errors, 0 left on base; San Francisco (APP) 1 - Grand Junction 7
TOP OF THE 4TH
San Francisco (APP) Giants batting - Pitching for Grand Junction Rockies : LHP Steve Gilliam
Batting: RHB Ed Broomhead 0-0: Called Strike
0-1: Fly out, F8 (Flyball, 8LD, EV 101.9 MPH)
Batting: RHB David Andrews 0-0: Called Strike
0-1: Foul Ball, location: 2F
0-2: Ball
1-2: Ball
2-2: Foul Ball, location: 2F
2-2: Ball
3-2: SINGLE (Groundball, 56S, EV 95.0 MPH)
Batting: RHB Alexis Andrade 0-0: Ball
1-0: Ball
2-0: Grounds into double play, 5-4-3 (Groundball, 56S, EV 80.0 MPH)
Top of the 4th over - 0 runs, 1 hit, 0 errors, 0 left on base; San Francisco (APP) 1 - Grand Junction 7
BOTTOM OF THE 4TH
Grand Junction Rockies batting - Pitching for San Francisco (APP) Giants : LHP Hector Jimenez
Batting: RHB John Boyer 0-0: Ball
1-0: Ball
2-0: Ball
3-0: Base on Balls
Batting: RHB Willis Morales 0-0: Ball
1-0: Ball
2-0: Ball
3-0: Called Strike
3-1: Base on Balls
John Boyer to second
Batting: RHB Doug D'Onofrio 0-0: Ball
1-0: Ball
2-0: Called Strike
2-1: Ball
3-1: Base on Balls
John Boyer to third
Willis Morales to second
Batting: SHB Jeff Sorrels 0-0: Ball
1-0: Foul Ball, location: 2F
1-1: Ball
2-1: TRIPLE (Line Drive, 89XD, EV 102.5 MPH)
John Boyer scores
Willis Morales scores
Doug D'Onofrio scores
Pitching: LHP Mark Gregor
Batting: RHB Zakhar Edelman 0-0: Fly out, F8 (Flyball, 8RM, EV 90.6 MPH)
Batting: RHB Bryce Hickman 0-0: Called Strike
0-1: Called Strike
0-2: Strikes out swinging
Batting: SHB Jamie Mims 0-0: SINGLE (Groundball, 56D, EV 103.1 MPH)
Jeff Sorrels scores
Batting: RHB John Stevenson 0-0: Foul Ball, location: 2F
0-1: Ball
1-1: SINGLE (Groundball, 4MS, EV 73.1 MPH) (infield hit)
Jamie Mims to second
Batting: RHB Juan Figueroa 0-0: Ball
1-0: DOUBLE (Line Drive, 9LM, EV 106.9 MPH)
Jamie Mims scores
John Stevenson to third
Runner from 3rd tries for Home, SAFE, throw by RF to home
Batting: RHB John Boyer 0-0: Called Strike
0-1: Ball
1-1: Foul Ball, location: 2F
1-2: Fly out, F3 (Popup, 3SF, EV 67.5 MPH)
Bottom of the 4th over - 6 runs, 4 hits, 0 errors, 1 left on base; San Francisco (APP) 1 - Grand Junction 13
TOP OF THE 5TH
San Francisco (APP) Giants batting - Pitching for Grand Junction Rockies : LHP Steve Gilliam
Batting: RHB Pedro Quezada 0-0: Foul Ball, location: 2F
0-1: Swinging Strike
0-2: Ball
1-2: Ball
2-2: Foul Ball, location: 2F
2-2: Ball
3-2: Foul Ball, location: 2F
3-2: Base on Balls
Batting: RHB Bill Defazio 0-0: Ball
1-0: Ball
Pedro Quezada steals 2nd base
2-0: Swinging Strike
2-1: Ball
3-1: SINGLE (Groundball, 6MD, EV 96.9 MPH)
Pedro Quezada to third
Runner from 3rd tries for Home, SAFE, throw by CF to home
Bill Defazio to second
Batting: SHB David Barona 0-0: Foul Ball, location: 2F
0-1: Ball
Wild Pitch!
Bill Defazio to third
1-1: Ball
2-1: Foul Ball, location: 2F
2-2: Ball
3-2: Base on Balls
Batting: RHB Edwin Verdugo 0-0: Called Strike
0-1: Ball
1-1: Called Strike
1-2: Hit by Pitch
David Barona to second
Pitching: RHP Jim Micaletti
Batting: RHB Dinand Brouwer 0-0: Ball
1-0: Ball
2-0: Ball
3-0: Base on Balls
Bill Defazio scores
David Barona to third
Edwin Verdugo to second
Batting: RHB Teruhide Horiuchi 0-0: Ball
1-0: Called Strike
1-1: Foul Ball, location: 2F
1-2: Ball
2-2: Ball
3-2: Foul Ball, location: 2F
3-2: Base on Balls
David Barona scores
Edwin Verdugo to third
Dinand Brouwer to second
Batting: RHB Ed Broomhead 0-0: Foul Ball, location: 2F
0-1: Fielders Choice at 2nd, 4-6 (Groundball, 34, EV 101.3 MPH)
Edwin Verdugo scores
Dinand Brouwer to third
Batting: RHB David Andrews 0-0: Fly out, F6 (Popup, 4MD, EV 51.9 MPH)
Batting: RHB Alexis Andrade 0-0: Ball
1-0: Called Strike
1-1: Foul Ball, location: 2F
1-2: SINGLE (Groundball, 4MD, EV 110.0 MPH)
Dinand Brouwer scores
Ed Broomhead to second
Batting: RHB Pedro Quezada 0-0: Ball
1-0: Ball
2-0: Ball
3-0: Base on Balls
Ed Broomhead to third
Alexis Andrade to second
Batting: RHB Bill Defazio 0-0: SINGLE (Groundball, 4MD, EV 101.9 MPH)
Ed Broomhead scores
Alexis Andrade to third
Pedro Quezada to second
Runner from 3rd tries for Home, SAFE, throw by CF to home
Batting: SHB David Barona 0-0: Ball
1-0: Ball
2-0: Ball
3-0: Base on Balls
Pedro Quezada to third
Bill Defazio to second
Batting: RHB Edwin Verdugo 0-0: Called Strike
0-1: Ball
1-1: Foul Ball, location: 2F
1-2: Foul Ball, location: 2F
1-2: Ball
2-2: Strikes out looking
Top of the 5th over - 7 runs, 3 hits, 0 errors, 3 left on base; San Francisco (APP) 8 - Grand Junction 13
BOTTOM OF THE 5TH
Grand Junction Rockies batting - Pitching for San Francisco (APP) Giants : LHP Mark Gregor
Batting: RHB Willis Morales 0-0: Ball
1-0: Ball
2-0: Ball
3-0: Base on Balls
Pitching: RHP Nick McDade
Batting: RHB Doug D'Onofrio 0-0: Called Strike
0-1: Swinging Strike
0-2: SINGLE (Line Drive, 4D, EV 96.9 MPH)
Willis Morales to second
Runner from 2nd tries for 3rd, SAFE, throw by CF made to third
Batting: SHB Jeff Sorrels 0-0: SINGLE (Groundball, 56D, EV 97.5 MPH)
Willis Morales scores
Doug D'Onofrio to second
Batting: RHB Zakhar Edelman 0-0: Ball
1-0: Ball
2-0: DOUBLE (Line Drive, 7LS, EV 101.9 MPH)
Doug D'Onofrio scores
Jeff Sorrels to third
Batting: RHB Bryce Hickman 0-0: Swinging Strike
0-1: Foul Ball, location: 2F
0-2: Ball
1-2: Ball
2-2: Foul Ball, location: 2F
2-2: Ball
3-2: Foul Ball, location: 2F
3-2: Strikes out looking
Batting: SHB Jamie Mims 0-0: Fly out, F7 (Flyball, 78M, EV 92.5 MPH)
Runner from 3rd tags up, OUT at HOME! 7-2
Bottom of the 5th over - 2 runs, 3 hits, 0 errors, 1 left on base; San Francisco (APP) 8 - Grand Junction 15
TOP OF THE 6TH
San Francisco (APP) Giants batting - Pitching for Grand Junction Rockies : RHP Jim Micaletti
Batting: RHB Dinand Brouwer 0-0: Ball
1-0: Ball
2-0: Ball
3-0: Called Strike
3-1: Called Strike
3-2: Base on Balls
Batting: RHB Teruhide Horiuchi 0-0: Swinging Strike
0-1: Called Strike
0-2: Strikes out swinging
Batting: RHB Ed Broomhead 0-0: Ball
1-0: Called Strike
1-1: Foul Ball, location: 2F
1-2: DOUBLE (Line Drive, 89D, EV 108.1 MPH)
Dinand Brouwer to third
Batting: RHB David Andrews 0-0: Ball
1-0: Foul Ball, location: 2F
1-1: Ground out 3-1 (Groundball, 34S, EV 93.8 MPH)
Dinand Brouwer scores
Ed Broomhead to third
Batting: RHB Alexis Andrade 0-0: Foul Ball, location: 2F
0-1: Swinging Strike
0-2: Ball
1-2: Ground out 6-3 (Groundball, 6, EV 83.8 MPH)
Top of the 6th over - 1 run, 1 hit, 0 errors, 1 left on base; San Francisco (APP) 9 - Grand Junction 15
BOTTOM OF THE 6TH
Grand Junction Rockies batting - Pitching for San Francisco (APP) Giants : RHP Nick McDade
Batting: RHB John Stevenson 0-0: Called Strike
0-1: Ground out U3 (Groundball, 3, EV 82.5 MPH)
Pitching: RHP Hiroaki Yazawa
Batting: RHB Juan Figueroa 0-0: Ball
1-0: Swinging Strike
1-1: Foul Ball, location: 2F
1-2: Ground out 6-3 (Groundball, 6, EV 106.9 MPH)
Batting: RHB John Boyer 0-0: Ball
1-0: Swinging Strike
1-1: Ball
2-1: Ball
3-1: Base on Balls
Batting: RHB Willis Morales 0-0: Ball
1-0: Foul Ball, location: 2F
1-1: Ball
2-1: SINGLE (Groundball, 56D, EV 101.3 MPH)
John Boyer to second
Batting: RHB Doug D'Onofrio 0-0: Called Strike
0-1: Ball
1-1: Ball
2-1: Foul Ball, location: 2F
2-2: DOUBLE (Line Drive, 89XD, EV 110.0 MPH)
John Boyer scores
Willis Morales to third
Pitching: LHP Gil Longoria
Batting: SHB Jeff Sorrels 0-0: Ball
1-0: Ball
2-0: Ball
3-0: Base on Balls
Batting: RHB Zakhar Edelman 0-0: Ball
1-0: Ball
2-0: Called Strike
2-1: Ball
3-1: Swinging Strike
3-2: Base on Balls
Willis Morales scores
Doug D'Onofrio to third
Jeff Sorrels to second
Batting: RHB Bryce Hickman 0-0: Called Strike
0-1: SINGLE (Groundball, 56D, EV 103.1 MPH)
Doug D'Onofrio scores
Jeff Sorrels to third
Zakhar Edelman to second
Runner from 3rd tries for Home, throw by LF and OUT! 7-2
Bottom of the 6th over - 3 runs, 3 hits, 0 errors, 2 left on base; San Francisco (APP) 9 - Grand Junction 18
TOP OF THE 7TH
San Francisco (APP) Giants batting - Pitching for Grand Junction Rockies : RHP Jim Micaletti
Batting: RHB Pedro Quezada 0-0: Called Strike
0-1: Foul Ball, location: 2F
0-2: Ball
1-2: Ground out 6-3 (Groundball, 6, EV 82.5 MPH)
Batting: RHB Bill Defazio 0-0: SOLO HOME RUN (Flyball, 9LD, EV 99.4 MPH), Distance : 359 ft
Batting: SHB David Barona 0-0: Ball
1-0: Called Strike
1-1: DOUBLE (Line Drive, 7LM, EV 108.1 MPH)
Pitching: RHP Andy Rayer
Batting: RHB Edwin Verdugo 0-0: Called Strike
David Barona is caught stealing 3rd base 2-5
0-1: Called Strike
0-2: Ball
1-2: Fly out, F7 (Flyball, 7LM, EV 103.1 MPH)
Top of the 7th over - 1 run, 2 hits, 0 errors, 0 left on base; San Francisco (APP) 10 - Grand Junction 18
BOTTOM OF THE 7TH
Grand Junction Rockies batting - Pitching for San Francisco (APP) Giants : LHP Gil Longoria
Batting: SHB Jamie Mims 0-0: Called Strike
0-1: Ball
1-1: Ball
2-1: Ground out 5-3 (Groundball, 56, EV 85.0 MPH)
Batting: RHB John Stevenson 0-0: Foul Ball, location: 2F
0-1: SINGLE (Line Drive, 9S, EV 91.3 MPH)
Pitching: RHP Francisco Gonzalez
Pinch Hitting: LHB Michael Krott 0-0: Ball
1-0: Ball
2-0: Foul Ball, location: 2F
2-1: Swinging Strike
2-2: Ball
3-2: 2-RUN HOME RUN (Flyball, 9LD, EV 96.3 MPH), Distance : 346 ft
Batting: RHB John Boyer 0-0: Ball
1-0: Foul Ball, location: 2F
1-1: Ball
2-1: Ground out 5-3 (Groundball, 56, EV 88.1 MPH)
Batting: RHB Willis Morales 0-0: Ball
1-0: Ball
2-0: Ball
3-0: Called Strike
3-1: Base on Balls
Batting: RHB Doug D'Onofrio 0-0: Foul Ball, location: 2F
0-1: Foul Ball, location: 2F
0-2: Ball
1-2: Strikes out looking
Bottom of the 7th over - 2 runs, 2 hits, 0 errors, 1 left on base; San Francisco (APP) 10 - Grand Junction 20
TOP OF THE 8TH
San Francisco (APP) Giants batting - Pitching for Grand Junction Rockies : RHP Andy Rayer
Now in RF: Michael Krott
Batting: RHB Dinand Brouwer 0-0: Ball
1-0: Called Strike
1-1: Ball
2-1: Ball
3-1: Base on Balls
Batting: RHB Teruhide Horiuchi 0-0: SINGLE (Groundball, 56D, EV 110.0 MPH)
Dinand Brouwer to second
Batting: RHB Ed Broomhead 0-0: Fielders Choice at 2nd, 5-4 (Groundball, 56, EV 84.4 MPH)
Dinand Brouwer to third
Batting: RHB David Andrews 0-0: Ball
1-0: Called Strike
1-1: Fly out, F9 (Flyball, 89M, EV 88.8 MPH)
Batting: RHB Alexis Andrade 0-0: Ball
1-0: Ball
2-0: Ball
3-0: Called Strike
3-1: Base on Balls
Ed Broomhead to second
Batting: RHB Pedro Quezada 0-0: Ball
1-0: Swinging Strike
1-1: Ball
2-1: Ball
3-1: Base on Balls
Dinand Brouwer scores
Ed Broomhead to third
Alexis Andrade to second
Batting: RHB Bill Defazio 0-0: Swinging Strike
0-1: Swinging Strike
0-2: Ball
1-2: Fly out, F9 (Flyball, 89D, EV 90.6 MPH)
Top of the 8th over - 1 run, 1 hit, 0 errors, 3 left on base; San Francisco (APP) 11 - Grand Junction 20
BOTTOM OF THE 8TH
Grand Junction Rockies batting - Pitching for San Francisco (APP) Giants : RHP Francisco Gonzalez
Pitching: RHP Chance Robinson
Batting: SHB Jeff Sorrels 0-0: Called Strike
0-1: Swinging Strike
0-2: Strikes out swinging
Batting: RHB Zakhar Edelman 0-0: Ground out 4-3 (Groundball, 4, EV 86.9 MPH)
Batting: RHB Bryce Hickman 0-0: Ground out 5-3 (Groundball, 56S, EV 68.8 MPH)
Bottom of the 8th over - 0 runs, 0 hits, 0 errors, 0 left on base; San Francisco (APP) 11 - Grand Junction 20
TOP OF THE 9TH
San Francisco (APP) Giants batting - Pitching for Grand Junction Rockies : RHP Andy Rayer
Batting: SHB David Barona 0-0: Called Strike
0-1: Foul Ball, location: 2F
0-2: Ball
1-2: Foul Ball, location: 2F
1-2: Fly out, F8 (Flyball, 8RXD, EV 95.6 MPH)
Batting: RHB Edwin Verdugo 0-0: Ball
1-0: Called Strike
1-1: Fly out, F8 (Flyball, 8LD, EV 86.3 MPH)
Batting: RHB Dinand Brouwer 0-0: Called Strike
0-1: Ball
1-1: Ball
2-1: Ground out 5-3 (Groundball, 56, EV 78.1 MPH)
Top of the 9th over - 0 runs, 0 hits, 0 errors, 0 left on base; San Francisco (APP) 11 - Grand Junction 20
Thursday, March 31st , 2022 - OOTP Baseball 22.12 Build 89